 Dungeon Crawl Stone Soup version 0.27.1-3-gb3d3a73c9e (webtiles) character file.

Game seed: 11643668500846995098

49 workbot the Chopper (level 3, 0/33 HPs)
             Began as a Hill Orc Berserker on Oct 15, 2021.
             Was a Believer of Trog.
             Slain by an adder (2 damage)
             ... on level 2 of the Dungeon.
             The game lasted 00:06:19 (1642 turns).

workbot the Chopper (Hill Orc Berserker)            Turns: 1642, Time: 00:06:19

Health: 0/33       AC:  0    Str: 20    XL:     3   Next: 75%
Magic:  3/3        EV: 12    Int:  7    God:    Trog [**....]
Gold:   71         SH:  0    Dex: 10    Spells: 2/2 levels left

rFire    . . .     SeeInvis .   a - +0 hand axe
rCold    . . .     Faith    .   (no shield)
rNeg     . . .     Spirit   .   (no armour)
rPois    .         Reflect  .   (no helmet)
rElec    .         Harm     .   (no cloak)
rCorr    .         Rampage  .   (no gloves)
Will     .....                  (no boots)
Stlth    +.........             (no amulet)
HPRegen  0.11/turn              (no ring)
MPRegen  0.08/turn              (no ring)

@: no status effects
A: no striking features
a: Renounce Religion, Berserk, Trog's Hand


You were on level 2 of the Dungeon.
You worshipped Trog.
Trog was pleased with you.
You visited 1 branch of the dungeon, and saw 2 of its levels.

You collected 71 gold pieces.

Inventory:

Hand Weapons
 a - a +0 hand axe (weapon)
Armour
 b - a +0 animal skin
 c - a +0 scale mail


   Skills:
 + Level 4.1 Fighting
 * Level 5.1 Axes
 + Level 2.4 Armour
 + Level 2.0 Dodging


You had 2 spell levels left.
You didn't know any spells.
Your spell library contained the following spells:

 Spells                   Type           Power      Damage    Failure   Level
 Conjure Ball Lightning   Conj/Air       0%         3x3d6     100%        6
 Discord                  Hex            0%         N/A       100%        8
 Disjunction              Tloc           0%         N/A       100%        8


Dungeon Overview and Level Annotations

Branches:
Dungeon (2/15)

Altars:

Annotations:
D:2 Terence


Message History

Press: ? - help, Dir - move target, f/p - adder
Aim: an adder (lightly wounded, about 56% to evade your +0 hand axe)
You completely miss the adder.
The adder is lightly wounded.
The adder bites you.
* * * LOW HITPOINT WARNING * * *
You are poisoned.
The adder poisons you!
Cleave: a) +0 hand axe
Press: ? - help, Dir - move target, f/p - adder
Aim: an adder (lightly wounded, about 56% to evade your +0 hand axe)
You hit the adder.
The adder is moderately wounded.
* * * LOW HITPOINT WARNING * * *
You feel sick. The adder closely misses you.
Cleave: a) +0 hand axe
Press: ? - help, Dir - move target, f/p - adder
Aim: an adder (moderately wounded, about 56% to evade your +0 hand axe)
You closely miss the adder.
The adder is moderately wounded.
Your surroundings suddenly seem different.
A bat comes into view.
Found 13 gold pieces.
Found a stone staircase leading up.
* * * LOW HITPOINT WARNING * * *
You feel sick.
* * * LOW HITPOINT WARNING * * *
You feel sick.
* * * LOW HITPOINT WARNING * * *
You feel sick.
* * * LOW HITPOINT WARNING * * *
You feel sick.
You are no longer poisoned.
Terence the Incautious comes into view.
He is wielding a +0 mace.
You aren't carrying any scrolls.
You aren't carrying any potions.
Terence is nearby!
You hit the adder but do no damage.
The adder is lightly wounded.
The adder bites you.
You die...

.##################.
.........S@........@
.##......##########.
#......# #......#
....$...........
#.#...........<#..
#.#.##......####
#.#.###.##.#. #.#.#
#. #....


You could see an adder.

Vanquished Creatures
  A gnoll (D:1)
  2 dart slugs (D:1)
  6 ball pythons
  2 bats
  2 endoplasms (D:1)
  2 goblins (D:1)
  5 hobgoblins
  4 jackals (D:1)
  3 frilled lizards (D:1)
  2 kobolds (D:1)
  A rat (D:1)
30 creatures vanquished.

Notes
Turn   | Place    | Note
-------+----------+-------------------------------------------
     0 | D:1      | workbot the Hill Orc Berserker began the quest for the Orb.
     0 | D:1      | Reached XP level 1. HP: 19/19 MP: 1/1
    56 | D:1      | Reached XP level 2. HP: 20/27 MP: 2/2
   298 | D:1      | Reached XP level 3. HP: 17/33 MP: 3/3
   620 | D:1      | Reached ** piety under Trog
  1124 | D:1      | Reached skill level 5 in Axes
  1634 | D:2      | HP: 1/33 [poisoned by an adder]
  1639 | D:2      | Noticed Terence
  1642 | D:2      | Slain by an adder

Illustrated notes

Levels and vault maps discovered:
D:1:      lemuel_arrival_rhombus, layout_basic
D:2:      layout_basic, uniq_terence, uniq_robin

Skill      XL: |  1  2  3 |
---------------+----------+-----
Fighting       | 4 |  4.1
Dodging        | 2 |  2.0
Axes           | 5 |  5.1
Armour         | |  2.4

Action                   || total
-------------------------++-------
Melee: Hand axe          ||   115
Invok: Berserk           ||     1
  Use: Potion            ||     2
       Scroll            ||     3
Armor: Animal skin       ||    22
Dodge: Dodged            ||    86
